 Seeded DCSS version 0.31-a0-564-g3b7de120b3 (webtiles) character file.

Game seed: 16161720884980326079 (custom seed)

72 innerfire43 the Changeling (level 4, -1/32 HPs)
             Began as a Djinni Shapeshifter on Aug 17, 2023.
             Was a Follower of Nemelex Xobeh.
             Slain by Robin
             ... wielding a +4 club
              (5 damage)
             ... on level 2 of the Dungeon.
             The game lasted 00:01:15 (983 turns).

innerfire43 the Changeling (Djinni Shapeshifter)     Turns: 983, Time: 00:01:16

Health: -1/32      AC:  2    Str: 14    XL:     4   Next: 50%
Gold:   61         EV: 12    Int: 11    God:    Nemelex Xobeh [*.....] SH:  0 Dex: 14

rFire   + +          .
                       - Unarmed
rCold   x . .        (no shield)
rNeg    . . .        a - +0 animal skin
rPois   ∞            (helmet currently unavailable)
rElec   .            (cloak currently unavailable)
rCorr   .            (gloves currently unavailable)
SInv    .            (boots unavailable)
Will    .....        j - amulet of faith
Stlth   +            (no ring)
HPRegen 0.25/turn    (no ring)
MPRegen 0.00/turn

%: faith, infuse magic (-2 HP)
@: beast-form, flying
A: beast (slay +2), flying, sickness immunity, fire resistance 2, cold
vulnerability 1, float, innate caster, HP casting, extra vitality 1
a: Begin Untransformation, Renounce Religion, Draw Escape, Draw Destruction,
Draw Summoning


You were on level 2 of the Dungeon.
You worshipped Nemelex Xobeh.
Nemelex Xobeh was aware of your devotion.
You were a hulking beast.
You visited 1 branch of the dungeon, and saw 2 of its levels.

You collected 61 gold pieces.

Inventory:

Armour
 a - a +0 animal skin (worn)
Jewellery
 j - an amulet of faith (around neck)
Talismans
 c - a beast talisman (active)
 d - a flux talisman
Scrolls
 e - a scroll of brand weapon {unknown}
 g - 2 scrolls of silence {unknown}
 l - a scroll of fog {unknown}
Potions
 b - a potion of lignification
 f - a potion of heal wounds {unknown}
 h - a potion of haste {unknown}
 i - a potion of ambrosia {unknown}
 k - a potion of attraction {unknown}


   Skills:
 - Level 1.0 Fighting
 - Level 2.1 Dodging
 - Level 3.0 Unarmed Combat
 * Level 4.0 Shapeshifting


You knew the following spells:

 Your Spells              Type           Power      Damage    Failure   Level
a - Magic Dart            Conj           0%         1d3       34%         1
Your spell library was empty.

Dungeon Overview and Level Annotations

Branches:
Dungeon (2/15)

Altars:
Nemelex Xobeh

Annotations:
D:2 1 runed translucent door, Crazy Yiuf, Robin


Innate Abilities, Weirdness & Mutations

You are a hulking beast.
Your limbs bulge with bestial killing power. (Slay +2)
You are flying.
You are immune to sickness and miasma.
You are immune to poison.
Your flesh is very heat resistant. (rF++)
You are vulnerable to cold. (rC-)
You float through the air rather than walking.
You learn spells naturally, not from books.
Your magical power is your life essence.
You have superior vitality. (+4 MHP)


Message History

Robin roars a battlecry!
The goblins go into a battle-frenzy!
The goblin unwields a +0 sling.
The goblin wields a +0 club.
The goblin completely misses you. The hobgoblin barely misses you.
Robin says, "Kneel, worm!"
There is an open door, spattered with blood here.
Things that are here:
a +0 club; a goblin corpse The goblin unwields a +0 club.
The goblin wields a +0 sling.
The goblin shoots a sling bullet.
The sling bullet hits you. Robin throws the goblin at you!
You barely miss the goblin. The goblin barely misses you.
The hobgoblin hits you.
You hit the hobgoblin.
The hobgoblin is heavily wounded.
You punch the goblin!
You kill the goblin!
The hobgoblin hits you. The hobgoblin attacks as you move away!
The hobgoblin barely misses you.
You see here a +0 dagger.
You hit the hobgoblin but do no damage.
The hobgoblin is heavily wounded.
The hobgoblin hits you! Robin throws the goblin at you!
The goblin unwields a +0 sling.
The goblin wields a +0 club.
The goblin hits you with a +0 club.
You hit the hobgoblin.
You kill the hobgoblin!
You barely miss Robin. The goblin barely misses you.
You barely miss Robin. The goblin closely misses you.
You hit Robin.
Robin is moderately wounded.
The goblin hits you with a +0 club.
* * * LOW HITPOINT WARNING * * *
Robin hits you with a +4 club.
* * * LOW HITPOINT WARNING * * *
You closely miss Robin.
Robin is moderately wounded.
The goblin hits you but does no damage. Robin hits you with a +4 club.
You die...
Your body disappears without a glow.

#....#.#...###
######'#...# ####......###
..........# ..........#
######. ......).).#
g...... .######'###
......:
.######)###########gg.....
.......).......ghggKg.....
.....##.###########gg.....
...#.##....###### .......
####..####......# ####...
# ##.## #......# .. #
#..###......# . ##
##..###.....# .#
####..##.....# .#
#(...........#


You could see Robin, 2 hobgoblins, 5 goblins and a kobold.

Vanquished Creatures
  Terence (D:2)
  2 adders (D:2)
  A worm (D:2)
  A dart slug (D:1)
  An endoplasm (D:1)
  6 goblins (D:2)
  3 hobgoblins
  5 kobolds
  A quokka (D:1)
  A ball python (D:2)
  A frilled lizard (D:1)
  2 rats (D:2)
25 creatures vanquished.

Notes
Turn   | Place    | Note
-------+----------+-------------------------------------------
     0 | D:1      | innerfire43 the Djinni Shapeshifter began the quest for the
                  | Orb.
     0 | D:1      | Reached XP level 1. HP: 17/17 MP: 0/0
   108 | D:1      | Found a faded altar of an unknown god.
   131 | D:1      | Reached skill level 3 in Shapeshifting
   131 | D:1      | Reached XP level 2. HP: 16/22 MP: 0/0
   132 | D:1      | Prayed at the altar of an unknown god.
   132 | D:1      | Became a worshipper of Nemelex Xobeh the Trickster
   132 | D:1      | Reached * piety under Nemelex Xobeh
   571 | D:2      | Reached XP level 3. HP: 23/27 MP: 0/0
   571 | D:2      | Learned a level 1 spell: Magic Dart
   636 | D:2      | Received a gift from Nemelex Xobeh
   747 | D:2      | Noticed Terence
   757 | D:2      | Killed Terence
   758 | D:2      | Reached XP level 4. HP: 26/32 MP: 0/0
   821 | D:2      | Reached skill level 4 in Shapeshifting
   839 | D:2      | Found a runed translucent door.
   840 | D:2      | Noticed Crazy Yiuf
   968 | D:2      | Identified the +2 helmet "Paunutas" {rC- Will++ Dex+4 SInv}
   968 | D:2      | Noticed Robin
   983 | D:2      | Slain by Robin

Illustrated notes

Levels and vault maps discovered:
D:1:      nzn_arrival_settlement, layout_rooms,
          shapermc_ecumenical_altar_starsandcircs
D:2:      layout_basic, feat_on_display, uniq_jessica, uniq_robin,
          uniq_crazy_yiuf_cottage, uniq_terence

Skill      XL: |  1  2  3  4 |
---------------+-------------+-----
Shapeshifting  | 3 4 |  4.0
Fighting       | |  1.0
Dodging        | |  2.1
Unarmed Combat | |  3.0

Action                     |  1- 3 |  4- 6 || total
---------------------------+-------+-------++-------
  Melee: Unarmed           |    69 |    19 ||    88
         Punch             |     4 |       ||     4
   Stab: Sleeping          |       |     1 ||     1
 Armour: Animal skin       |     9 |     2 ||    11
  Dodge: Dodged            |    42 |    10 ||    52

Table legend: (Time is in decaauts)
 A = Elapsed time spent in this place.
 B = Non-inter-level travel time spent in this place.
 C = Inter-level travel time spent in this place.
 D = Time resting spent in this place.
 E = Time spent auto-exploring this place.
 F = Levels seen in this place.
 G = Mean time per level.
                   A        B        C        D        E       F      G
               +--------+--------+--------+--------+--------+-----+--------+
         Total |    977 |    943 |     34 |      0 |    749 |   2 |  488.5 |
       Dungeon |    977 |    943 |     34 |      0 |    749 |   2 |  488.5 |
               +--------+--------+--------+--------+--------+-----+--------+

Top non-repeatable levels by time:
     D:1: 531 daAuts
     D:2: 446 daAuts
